cohdb
Replays
Latest Replays
All Replays
Popular Replays
Top Player Replays
Match Explorer
How It Works
Community
CoH3 Stats
Reddit
Sign in to upload your games and track your stats! →
Sign in with Steam
Match 40848209
Unlisted
Match 40848209
Overview
Messages
Build Orders
End
Construct Infanterie Kompanie
Selects Italian Coastal Battlegroup
Selects Coastal Reserves
Grenadier Squad
MG 42 Machine Gun Team
MG 42 Machine Gun Team
GrW 34 Mortar Team
Medical Bunker
Infanterie Officer Quarters
Selects Designate Defensive Line
Designate Defensive Line
Construct Panzergrenadier Kompanie
Pak 40 Anti-tank Gun Team
Selects Designated Artillery Overwatch
MG 42 Bunker
Designated Artillery Overwatch
Construct Panzer Kompanie
Stoßtruppen Squad
Selects Bulwark
Stoßtruppen Squad
Designated Artillery Overwatch
Panzer Officer Quarters
Seraph
Yikers
◈S.A.SBro◈
ASVOIERG
Tkil
PlammX
Skeletor
사람이왜살지
0
0
Comments
sign in to comment!
No comments posted yet!